 Dungeon Crawl Stone Soup version 0.31.0-32-g396128a36d (webtiles) character file.

Game seed: 2534045857089237418

2002 PaiMei the Purveyor of Pain (level 9, -2/66 HPs)
             Began as a Demonspawn Necromancer on Apr 12, 2024.
             Was an Initiate of Kikubaaqudgha.
             Slain by a hornet (13 damage)
             ... on level 6 of the Dungeon.
             The game lasted 00:12:41 (9685 turns).

PaiMei the Purveyor of Pain (DsNe)                  Turns: 9685, Time: 00:12:42

Health: -2/66      AC:  9    Str:  9    XL:     9   Next: 2%
Magic:  6/17       EV: 11    Int: 26    God:    Kikubaaqudgha [......]
Gold:   284        SH:  4    Dex: 13    Spells: 2/19 levels left

rFire   . . .        b - +0 whip (venom)
rCold   . . .        (no shield)
rNeg    + . .        D - +2 ring mail {Will+}
rPois   .            d - +0 helmet
rElec   .            (no cloak)
rCorr   .            (no gloves)
SInv    .            y - +0 pair of boots
Will    +....        j - amulet of regeneration
Stlth   ++           I - +6 ring of intelligence
HPRegen 1.11/turn    u - ring of positive energy
MPRegen 0.15/turn

%: no passive effects
@: lethally poisoned (-2 -> -6), slowed, studying Long Blades, very slow
A: claws 1, condensation shield
a: Renounce Religion


You were on level 6 of the Dungeon.
You worshipped Kikubaaqudgha.
Kikubaaqudgha was noncommittal.
You visited 2 branches of the dungeon, and saw 8 of its levels.

You collected 284 gold pieces.

Inventory:

Hand Weapons
 a - the +2 sling "Qesodehoa" {flame, rF+ Will+ SInv}
   (You found it on level 5 of the Dungeon)

   rF+:       It protects you from fire.
   Will+:     It increases your willpower.
   SInv:      It lets you see invisible.
 b - a +0 whip of venom (weapon)
 G - a +2 whip of freezing
Missiles
 q - 5 atropa-tipped darts (quivered)
 E - 9 poisoned darts
 J - a curare-tipped dart
Armour
 d - a +0 helmet (worn)
 y - a +0 pair of boots (worn)
 D - a +2 ring mail of willpower (worn)
Jewellery
 e - an amulet of guardian spirit
 h - a ring of resist corrosion
 j - an amulet of regeneration (around neck)
 u - a ring of positive energy (right claw)
 F - a ring of protection from fire
 I - a +6 ring of intelligence (left claw)
Wands
 p - a wand of flame (35)
 A - a wand of light (23)
Scrolls
 c - a scroll of silence {unknown}
 k - a scroll of poison {unknown}
 l - 2 scrolls of vulnerability {unknown}
 m - 4 scrolls of teleportation {unknown}
 t - 4 scrolls of identify {unknown}
 w - a scroll of enchant weapon {unknown}
 z - a scroll of revelation {unknown}
 C - 2 scrolls of immolation {unknown}
 H - a scroll of noise {unknown}
Potions
 f - a potion of resistance {unknown}
 g - a potion of experience {unknown}
 i - 2 potions of degeneration {unknown}
 n - 2 potions of curing {unknown}
 o - a potion of invisibility {unknown}
 r - a potion of magic
 s - a potion of heal wounds {unknown}
 v - a potion of enlightenment {unknown}
 x - a potion of ambrosia {unknown}
 B - a potion of might {unknown}


   Skills:
 + Level 4.3 Fighting
 + Level 5.6 Dodging
 - Level 4.0 Stealth
 + Level 5.7 Spellcasting
 + Level 7.8 Necromancy


You had 2 spell levels left.
You knew the following spells:

 Your Spells              Type           Power      Damage    Failure   Level
a - Necrotise             Necr           100%       1d9       1%          1
b - Vampiric Draining     Necr           48%        2d9       2%          3
c - Animate Dead          Necr           48%        N/A       8%          4
d - Curse of Agony        Necr           48%        N/A       22%         5
e - Dispel Undead         Necr           48%        3d18      8%          4

Your spell library contained the following spells:

 Spells                   Type           Power      Damage    Failure   Level
 Kiss of Death            Conj/Necr      100%       2d13      4%          1
 Static Discharge         Conj/Air       14%        3-4/arc   30%         2
 Confusing Touch          Hex            7%         N/A       52%         3
 Airstrike                Air            3%         2d(1-17)  89%         4
 Summon Lightning Spire   Summ/Air       7%         N/A       89%         4


Dungeon Overview and Level Annotations

Branches:
Dungeon (7/15)             Temple (1/1) D:7

Altars:
Ashenzari
Cheibriados
Dithmenos
Fedhas
Gozag
Hepliaklqana
Kikubaaqudgha
Makhleb
Nemelex Xobeh
Okawaru
Qazlal
Ru
Sif Muna
Trog
Uskayaw
Vehumet
Wu Jian
Xom
Yredelemnul

Shops:
D:2 (*[

Annotations:
D:4 Menkaure
D:5 Grinder
D:7 1 runed translucent door


Innate Abilities, Weirdness & Mutations

You have sharp fingernails.
A meltable shield of frost defends you. (SH +4)


Message History

Casting: Vampiric Draining (dangerous; 2% risk of failure)
Confirm with . or Enter, or press ? or * to list all spells.
Aiming: Vampiric Draining (dangerous; 2% risk of failure)
Press: ? - help, Shift-Dir - straight line, f - hornet, p - black bear
Aim: a hornet You draw life force from the hornet!
You feel life coursing into your body.
You feel very sick. You block the hornet's attack. The hornet stings you.
You are more poisoned.
You feel as though you will be slow longer.
Casting: Vampiric Draining (dangerous; 2% risk of failure)
Confirm with . or Enter, or press ? or * to list all spells.
Aiming: Vampiric Draining (dangerous; 2% risk of failure)
Press: ? - help, Shift-Dir - straight line, f/p - hornet
Aim: a hornet (moderately wounded)
You draw life force from the hornet.
You feel life coursing into your body.
You feel very sick. The hornet stings you!
You suddenly lose the ability to move!
The hornet barely misses you.
You feel very sick. The hornet stings you!
You feel as though you will be slow longer.
The hornet stings you!
You are more poisoned.
You feel as though you will be slow longer.
You feel very sick. The hornet stings you!
* * * LOW HITPOINT WARNING * * *
You feel as though you will be slow longer.
You can move again.
Casting: Vampiric Draining (dangerous; 2% risk of failure)
Confirm with . or Enter, or press ? or * to list all spells.
Aiming: Vampiric Draining (dangerous; 2% risk of failure)
Press: ? - help, Shift-Dir - straight line, f/p - hornet
Aim: a hornet (moderately wounded)
You draw life force from the hornet.
You feel life coursing into your body.
You feel very sick. The hornet closely misses you. The hornet stings you!
You die...
Kikubaaqudgha rasps: "You have failed me!
Welcome... death!"

#.................#
#
#.####.#########..#
# #.# #.# #..# #
#.# #.# #..# # #.#
#.#########..#####
#.#
#.................
#.#
###########.#.####
#.# ####### #.#.#
#.# #@yh..#####.#.#
#.# #(#.........#.#
#.# #.#.#.#######.#
#.####.#.#.# #.#
#...##.....# #.#
###.####.### #.#
#.# #.# #.# #.# #.#
#.# #.####.######
#.#


You could see a hornet and a black bear.

Vanquished Creatures
  Pikel (D:6)
  Eustachio (D:6)
  Edmund (D:5)
  Duvessa (D:6)
  2 water moccasins
  An ice beast (D:6)
  A black bear (D:6)
  2 lemures (D:6)
  3 kobold brigands
  3 scorpions
  Dowan (D:6)
  A howler monkey (D:6)
  A jelly (D:4)
  An orc priest (D:7)
  An iguana (D:5)
  Ijyb (D:5)
  2 orc wizards
  4 gnolls (D:4)
  9 adders
  A white imp (D:7)
  3 ribbon worms
  11 orcs
  5 ball pythons
  4 endoplasms
  A giant cockroach (D:1)
  10 hobgoblins
  6 jackals (D:3)
  7 quokkas
  3 bats
  3 frilled lizards
  4 goblins
  21 kobolds
  2 rats
118 creatures vanquished.

Vanquished Creatures (collateral kills)
  An orc (D:5)
  An endoplasm (D:3)
  A rat (D:3)
  2 butterflies (D:3)
5 creatures vanquished.

Vanquished Creatures (others)
  An orc zombie (D:5)
1 creature vanquished.

Grand Total: 124 creatures vanquished

Notes
Turn   | Place    | Note
-------+----------+-------------------------------------------
     0 | D:1      | PaiMei the Demonspawn Necromancer began the quest for the
                  | Orb.
     0 | D:1      | Reached XP level 1. HP: 13/13 MP: 3/3
   634 | D:1      | Gained mutation: You have sharp fingernails. [demonic
                  | ancestry]
   634 | D:1      | Reached XP level 2. HP: 19/19 MP: 0/5
  1592 | D:2      | Reached XP level 3. HP: 19/24 MP: 1/6
  1691 | D:2      | Found Lyuluzxu's Antique Armour Emporium.
  1823 | D:2      | Found Xajienewoi's General Store.
  1953 | D:2      | Found Juyllo's Weapon Boutique.
  2101 | D:3      | Found an opulent altar of Gozag.
  2362 | D:3      | Reached XP level 4. HP: 26/30 MP: 1/7
  2637 | D:3      | Reached skill level 5 in Necromancy
  2992 | D:3      | Found a shimmering altar of Xom.
  3075 | D:3      | Found a burning altar of Makhleb.
  3327 | D:3      | Found a broken altar of Ashenzari.
  3812 | D:4      | Gained mutation: A meltable shield of frost defends you.
                  | (SH +4) [demonic ancestry]
  3812 | D:4      | Reached XP level 5. HP: 30/35 MP: 5/9
  3821 | D:3      | Learned a level 3 spell: Vampiric Draining
  3826 | D:3      | Learned a level 4 spell: Animate Dead
  4375 | D:4      | Noticed Menkaure
  5238 | D:5      | Entered Level 5 of the Dungeon
  5238 | D:5      | Noticed Grinder
  5392 | D:5      | Identified the +2 sling "Qesodehoa" {flame, rF+ Will+ SInv}
  5431 | D:4      | Reached XP level 6. HP: 14/41 MP: 0/11
  5966 | D:5      | Noticed Ijyb
  5973 | D:5      | Killed Ijyb
  6181 | D:5      | Noticed Edmund
  6193 | D:5      | Killed Edmund
  6313 | D:5      | Reached skill level 6 in Necromancy
  6416 | D:5      | Reached XP level 7. HP: 46/46 MP: 9/12
  6623 | D:5      | You fall into a shaft and drop 2 floors!
  6623 | D:7      | Found a staircase to the Ecumenical Temple.
  6636 | Temple   | Entered the Ecumenical Temple
  6641 | Temple   | Became a worshipper of Kikubaaqudgha
  6698 | D:7      | Found a runed translucent gate.
  6747 | D:7      | Reached skill level 1 in Fighting
  7173 | D:6      | Noticed Duvessa
  7174 | D:6      | Noticed Dowan
  7184 | D:6      | Killed Duvessa
  7480 | D:6      | Killed Dowan
  7762 | D:6      | Noticed Eustachio
  7938 | D:6      | Killed Eustachio
  7939 | D:6      | Reached XP level 8. HP: 57/57 MP: 4/15
  8076 | D:6      | Found a hide-covered altar of Uskayaw.
  8089 | D:6      | Reached skill level 7 in Necromancy
  8252 | D:5      | Reached skill level 5 in Spellcasting
  8482 | D:6      | Identified the +2 leather armour of the Dwarven Hall
                  | {Str+5}
  8861 | D:6      | Noticed Pikel
  8873 | D:6      | Killed Pikel
  8874 | D:6      | Reached skill level 5 in Dodging
  9356 | D:6      | Learned a level 4 spell: Dispel Undead
  9362 | D:6      | Learned a level 5 spell: Curse of Agony
  9367 | D:7      | Noticed a hornet
  9379 | D:6      | Reached XP level 9. HP: 66/66 MP: 3/17
  9682 | D:6      | Paralysed by a hornet for 3 turns
  9685 | D:6      | Slain by a hornet

Illustrated notes

Levels and vault maps discovered:
D:1:      kilobyte_arrival_exit_the_forest, layout_loops_ring,
          patterned_corridor
D:2:      layout_basic, serial_shops, shop, shop,
          nicolae_shop_tiny_real_fake_doors
D:3:      layout_basic, general_overflow_altar, xom_butterflies,
          grunt_gozag_statues, chequers_temple_overflow_statue_of_worship,
          chequers_serial_rivers_small_3
D:4:      layout_rooms, uniq_menkaure
D:5:      layout_rooms, portal_sewer_entry_d, uniq_grinder, uniq_ijyb,
          uniq_edmund
D:6:      layout_loops_ring, nicolae_uskayaw_dance_studio, uniq_duvessa,
          uniq_pikel, uniq_eustachio
D:7:      layout_basic, minmay_temple_entry_offerings, ebering_ghost_gozag,
          fountainhead, hangedman_abyss_or_decor_passed,
          kennysheep_generic_room_14, uniq_maggie
Temple:   nicolae_temple_elliptical

Skill      XL: |  1  2  3  4  5  6  7  8 |
---------------+-------------------------+-----
Stealth        | 2 3 4 |  4.0
Dodging        | 2 3 4 5 |  5.6
Necromancy     | 5 6 7 |  7.8
Spellcasting   | 3 4 5 |  5.7
Fighting       | 2 4 |  4.3

Action                     |  1- 3 |  4- 6 |  7- 9 || total
---------------------------+-------+-------+-------++-------
  Melee: Hand axe          |     9 |     3 |       ||    12
         Whip              |       |    36 |    84 ||   120
         Punch             |       |       |     2 ||     2
   Fire: Sling             |       |       |    13 ||    13
   Cast: Necrotise         |    64 |   115 |    29 ||   208
         Vampiric Draining |       |     9 |    41 ||    50
         Animate Dead      |       |     1 |       ||     1
   Stab: Distracted        |     1 |       |       ||     1
 Armour: Robe              |    13 |    33 |       ||    46
         Ring mail         |       |     6 |    97 ||   103
  Dodge: Dodged            |    12 |    47 |    74 ||   133
  Block: Other             |       |    11 |    22 ||    33
